cohdb
Replays
Latest Replays
All Replays
Popular Replays
Top Player Replays
Match Explorer
How It Works
Community
CoH3 Stats
Reddit
Sign in to upload your games and track your stats! →
Sign in with Steam
Match 45183289
Unlisted
Match 45183289
Overview
Messages
Build Orders
End
Scout Squad
Construct Barracks
Selects Armored Battlegroup
Selects Veteran Crews
Riflemen Squad
Riflemen Squad
Riflemen Squad
Infantry Support Center
Construct Medical Station
Construct Motor Pool
Selects Fast Deploy
Engineer Squad
M8 Greyhound Armored Car
M1 Anti-tank Gun Team
M1918 Browning Automatic Rifles
M1 Mortar Team
Advanced Logistics
Riflemen Squad
Grenade Package
Selects Seek and Destroy
M1 Anti-tank Gun Team
Construct Tank Depot
Selects UNKNOWN (2160077)
Selects M31 Recovery Vehicle
Selects War Machine
M4A3E8 Sherman Easy Eight
M4A3E8 Sherman Easy Eight
Demolitions Package
M4A3E8 Sherman Easy Eight
Theodosios
grun59
0
0
Comments
sign in to comment!
No comments posted yet!